 Dungeon Crawl Stone Soup version 0.20.0-15-g7f486f2 (webtiles) character file.

254 Hook the Stinger (level 5, -2/24 HPs)
             Began as a Spriggan Venom Mage on June 23, 2017.
             Slain by Crazy Yiuf
             ... wielding a +4 quarterstaff of chaos
              (12 damage)
             ... on level 3 of the Dungeon.
             The game lasted 00:10:53 (3201 turns).

Hook the Stinger (Spriggan Venom Mage)              Turns: 3201, Time: 00:10:54

Health: -2/24      AC:  2    Str:  4    XL:     5   Next: 91%
Magic:  5/11       EV: 19    Int: 17    God:
Gold:   134        SH:  0    Dex: 17    Spells: 5/11 levels left

rFire    . . .     SeeInvis +   r - +3 short sword (speed)
rCold    . . .     Gourm    .   (shield restricted)
rNeg     . . .     Faith    .   a - +0 robe
rPois    .         Spirit   .   (helmet restricted)
rElec    .         Reflect  .   (no cloak)
rCorr    .         Harm     .   (gloves unavailable)
MR       .....                  (boots unavailable)
Stlth    +++.......             (no amulet)
Regen    0.1/turn               (no ring)
MPRegen  0.2/turn               (no ring)

@: very slightly contaminated, invisible, very quick
A: unfitting armour, see invisible, herbivore 3, speed 3, slow metabolism 2
a: no special abilities


You were on level 3 of the Dungeon.
You were not hungry.

You visited 1 branch of the dungeon, and saw 3 of its levels.

You collected 134 gold pieces.

Inventory:

Hand Weapons
 j - a +0 short sword
 r - a +3 short sword of speed (weapon)
Armour
 a - a +0 robe (worn)
Wands
 o - a wand of flame (31/48)
Scrolls
 d - 2 scrolls of identify
 h - a scroll of fog
 n - 2 scrolls of remove curse
Potions
 e - a potion of agility
 g - a potion of degeneration {unknown}
 i - 3 potions of haste {unknown}
 m - 2 potions of ambrosia {unknown}
 p - a potion of flight {unknown}
Books
 b - a Young Poisoner's Handbook

   Spells                             Type                      Level
   a - Sting                          Conjuration/Poison           1
   b - Poisonous Vapours              Poison/Air                   2
   c - Mephitic Cloud                 Conjuration/Poison/Air       3
   d - Olgreb's Toxic Radiance        Poison                       4
   e - Venom Bolt                     Conjuration/Poison           5
Comestibles
 c - 6 bread rations
 f - 2 fruits


   Skills:
 + Level 0.2 Fighting
 + Level 0.9 Short Blades
 * Level 4.3 Dodging
 + Level 4.0 Stealth
 + Level 3.9 Spellcasting
 + Level 0.7 Conjurations
 + Level 0.6 Air Magic
 * Level 5.1 Poison Magic


You had 5 spell levels left.
You knew the following spells:

 Your Spells              Type           Power        Failure   Level  Hunger
a - Sting                 Conj/Pois      ##..         4%          1    None
b - Poisonous Vapours     Pois/Air       ##....       8%          2    ##.....
c - Mephitic Cloud        Conj/Pois/Air  ##......     19%         3    ###....


Dungeon Overview and Level Annotations

Branches:
Dungeon (3/15)

Altars:
Dithmenos
Qazlal
The Shining One

Annotations:
D:3 Crazy Yiuf


Innate Abilities, Weirdness & Mutations

You are very small and have problems with some larger weapons.
You are too small for most types of armour.
You have supernaturally acute eyesight. (SInv)
You are a herbivore.
You cover ground extremely quickly.
You need consume almost no food.


Message History

Crazy Yiuf is heavily wounded.
You see here a mace.
You see here a mace.
Casting: Sting
Confirm with . or Enter, or press ? or * to list all spells.
Aiming: Poisonous Vapours
Press: ? - help, Dir - move target cursor, f/p - Crazy Yiuf
Aim: Crazy Yiuf, wielding a quarterstaff of chaos and wearing a cloak (heavily wounded, poisoned) Poisonous vapours surround Crazy Yiuf!
Crazy Yiuf is engulfed in poison gas.
Crazy Yiuf looks even sicker.
Casting: Poisonous Vapours
Confirm with . or Enter, or press ? or * to list all spells.
Aiming: Sting
Press: ? - help, Shift-Dir - straight line, f/p - Crazy Yiuf
Aim: Crazy Yiuf, wielding a quarterstaff of chaos and wearing a cloak (heavily wounded, poisoned)
The sting hits Crazy Yiuf.
Crazy Yiuf appears unharmed.
Crazy Yiuf is heavily wounded.
Crazy Yiuf hits you with a quarterstaff of chaos!
Ouch! That really hurt!
You die...

#........#.....##.
##########........
#.#...### #.#######
###.#####.. #.........#
♣♣♣♣♣####.......# ###
♣♣♣)♣)...#######..#
#)))#♣g@♣)P....#.......#
#.))')♣♣♣♣PP.....#####..
#)))#♣♣ ♣♣P.....#.....#
### ♣♣##.........#
##.##.....# #.#......#
#####.#.###...
##.#......^....
#.........#####


You could see Crazy Yiuf.

Vanquished Creatures
  Jessica (D:3)
  Ijyb (D:3)
  Natasha (thrice) (D:3)
  3 adders
  3 gnolls (D:2)
  A worm (D:3)
  2 dart slugs (D:1)
  3 leopard geckos
  A ball python (D:3)
  A giant cockroach (D:1)
  6 goblins
  3 hobgoblins
  9 jackals
  3 quokkas
  6 bats
  A frilled lizard (D:1)
  5 kobolds
  24 rats
76 creatures vanquished.

Notes
Turn   | Place    | Note
-------+----------+-------------------------------------------
     0 | D:1      | Hook the Spriggan Venom Mage began the quest for the Orb.
     0 | D:1      | Reached XP level 1. HP: 9/9 MP: 5/5
   573 | D:1      | Reached XP level 2. HP: 13/13 MP: 4/6
   928 | D:2      | Found a stormy altar of Qazlal.
   930 | D:2      | Noticed a water elemental
   932 | D:2      | Noticed an air elemental
   932 | D:2      | Noticed an earth elemental
   932 | D:2      | Noticed a fire elemental
  1142 | D:2      | Learned a level 2 spell: Poisonous Vapours
  1229 | D:2      | Reached XP level 3. HP: 16/16 MP: 2/8
  1234 | D:2      | Reached skill level 4 in Poison Magic
  1427 | D:2      | Found a glowing golden altar of the Shining One.
  1459 | D:2      | Reached XP level 4. HP: 14/21 MP: 3/9
  1994 | D:3      | Noticed Jessica
  1998 | D:3      | Killed Jessica
  2058 | D:3      | Learned a level 3 spell: Mephitic Cloud
  2111 | D:3      | Noticed Ijyb
  2133 | D:3      | Killed Ijyb
  2133 | D:3      | Reached XP level 5. HP: 24/24 MP: 0/11
  2481 | D:3      | Found a shadowy altar of Dithmenos.
  2506 | D:3      | Noticed Natasha
  2514 | D:3      | Killed Natasha
  2717 | D:3      | Reached skill level 5 in Poison Magic
  2745 | D:3      | Noticed Natasha
  2753 | D:3      | Killed Natasha
  2769 | D:3      | Noticed Natasha
  2774 | D:3      | Killed Natasha
  2991 | D:3      | Found a runed door.
  3193 | D:3      | Noticed Crazy Yiuf
  3201 | D:3      | Slain by Crazy Yiuf

Skill      XL: |  1  2  3  4  5 |
---------------+----------------+-----
Spellcasting   | 3 |  3.9
Poison Magic   | 4 5 |  5.1
Dodging        | 4 |  4.3
Stealth        | 4 |  4.0
Fighting       | |  0.2
Short Blades   | |  0.9
Conjurations   | |  0.7
Air Magic      | |  0.6

Action                   |  1- 3 |  4- 6 || total
-------------------------+-------+-------++-------
Melee: Short sword       |    29 |   105 ||   134
 Cast: Sting             |    35 |    30 ||    65
       Poisonous Vapours |     7 |    15 ||    22
  Use: Scroll            |     1 |     6 ||     7
 Stab: Sleeping          |     1 |     3 ||     4
       Distracted        |       |     1 ||     1
  Eat: Royal jelly       |       |     1 ||     1
Armor: Robe              |     3 |     5 ||     8
Dodge: Dodged            |    30 |    93 ||   123
